 Dungeon Crawl Stone Soup version 0.27-a0-1273-gec92ba881d (webtiles) character file.

Game seed: 12396353214624213299

53 ClownBaby the Firebug (level 3, -8/28 HPs)
             Began as a Deep Elf Fire Elementalist on June 12, 2021.
             Mangled by Sigmund
             ... wielding a +1 vampiric scythe
              (10 damage)
             ... on level 3 of the Dungeon.
             The game lasted 00:03:26 (1550 turns).

ClownBaby the Firebug (Deep Elf Fire Elementalist)  Turns: 1550, Time: 00:03:27

Health: -8/28      AC: 21    Str:  5    XL:     3   Next: 64%
Magic:  4/9        EV:  2    Int: 20    God:
Gold:   108        SH:  0    Dex: 15    Spells: 7/8 levels left

rFire    . . .     SeeInvis .   f - +1 dagger (freeze)
rCold    . . .     Faith    .   (no shield)
rNeg     + + +     Spirit   .   (armour currently unavailable)
rPois    +         Reflect  .   (helmet currently unavailable)
rElec    .         Harm     .   (cloak currently unavailable)
rCorr    .         Rampage  .   (gloves currently unavailable)
Will     .....     NoTele   +   (boots currently unavailable)
Stlth    ++........             (no amulet)
HPRegen  0.09/turn              (no ring)
MPRegen  0.11/turn              (no ring)

@: tree-form
A: stationary, stasis, torment immunity, boosted hp
a: no special abilities


You were on level 3 of the Dungeon.
You were a tree.
You visited 1 branch of the dungeon, and saw 3 of its levels.

You collected 108 gold pieces.

Inventory:

Hand Weapons
 f - a +1 dagger of freezing (weapon)
Armour
 a - a +0 robe (melded)
Magical Staves
 d - a staff of poison
Scrolls
 b - a scroll of teleportation {unknown}
 c - a scroll of silence {unknown}
 e - 2 scrolls of identify {unknown}
 g - a scroll of enchant weapon {unknown}


   Skills:
 - Level 2.4 Dodging
 - Level 2.4 Stealth
 - Level 3.0 Spellcasting
 - Level 1.1 Conjurations
 * Level 5.1 Fire Magic


You had 7 spell levels left.
You knew the following spells:

 Your Spells              Type           Power      Damage    Failure   Level
a - Foxfire               Conj/Fire      60%        2x1d7     4%          1

Your spell library contained the following spells:

 Spells                   Type           Power      Damage    Failure   Level
 Conjure Flame            Conj/Fire      15%        6-21      12%         3
 Inner Flame              Hex/Fire       13%        N/A       14%         3
 Sticky Flame             Conj/Fire      15%        2d4       36%         4
 Fireball                 Conj/Fire      7%         3d5       73%         5


Dungeon Overview and Level Annotations

Branches:
Dungeon (3/15)

Altars:

Annotations:
D:3 Sigmund


Message History

Sigmund hits you from afar with a +1 vampiric scythe.
You feel less confused.
Sigmund says, "Don't worry, I'll kill you fast."
Sigmund hits you but does no damage.
Casting: Foxfire (safe; 4% risk of failure)
Confirm with . or Enter, or press ? or * to list all spells.
You conjure some foxfire!
Sigmund hits you from afar with a +1 vampiric scythe!
The foxfire hits Sigmund.
Sigmund is lightly wounded.
The foxfire hits Sigmund.
Sigmund is moderately wounded.
Sigmund completely misses you.
Casting: Foxfire (safe; 4% risk of failure)
Confirm with . or Enter, or press ? or * to list all spells.
You conjure some foxfire!
Sigmund hits you but does no damage.
A dart slug comes into view.
The foxfire hits Sigmund but does no damage.
Sigmund is moderately wounded.
The foxfire hits Sigmund.
Sigmund is moderately wounded.
Sigmund hits you from afar with a +1 vampiric scythe.
Casting: Foxfire (safe; 4% risk of failure)
Confirm with . or Enter, or press ? or * to list all spells.
You conjure some foxfire!
Sigmund mumbles some strange words.
Sigmund flickers and vanishes!
Deactivating autopickup; reactivate with Ctrl-A.
The foxfire hits something but does no damage.
The foxfire hits something.
Something hits you but does no damage.
Casting: Foxfire (safe; 4% risk of failure)
Confirm with . or Enter, or press ? or * to list all spells.
You conjure some foxfire!
Something hits you!
* * * LOW HITPOINT WARNING * * *
The foxfire hits something!
The foxfire hits something.
Something hits you but does no damage.
Casting: Foxfire (safe; 4% risk of failure)
Confirm with . or Enter, or press ? or * to list all spells.
You conjure some foxfire!
Something hits you!
You die...

##.# ...# #..# #..#
##..# ... #.#
#########.#############.
..............?.♣v......
..###<.##.#####..v......
#..##.# #{########
#..##.# #w# #..#..# #.#
#.....# #.# #...... ...
#...... ... #.....


You could see a dart slug.

Vanquished Creatures
  A hound skeleton (D:2)
  An adder (D:2)
  A dart slug (D:1)
  3 bats (D:1)
  2 endoplasms (D:1)
  4 goblins
  2 hobgoblins (D:1)
  3 jackals (D:2)
  3 quokkas
  3 ball pythons (D:1)
  3 frilled lizards
  3 kobolds (D:1)
29 creatures vanquished.

Vanquished Creatures (others)
  85 foxfires
85 creatures vanquished.

Grand Total: 114 creatures vanquished

Notes
Turn   | Place    | Note
-------+----------+-------------------------------------------
     0 | D:1      | ClownBaby the Deep Elf Fire Elementalist began the quest
                  | for the Orb.
     0 | D:1      | Reached XP level 1. HP: 10/10 MP: 6/6
   302 | D:1      | Reached XP level 2. HP: 15/15 MP: 6/8
   326 | D:1      | Reached skill level 4 in Fire Magic
   972 | D:2      | Found a faded altar of an unknown god.
  1084 | D:2      | Reached XP level 3. HP: 15/19 MP: 4/9
  1245 | D:2      | Reached skill level 5 in Fire Magic
  1531 | D:3      | Noticed Sigmund
  1548 | D:3      | HP: 1/28 [something (9)]
  1550 | D:3      | Mangled by Sigmund

Illustrated notes

Levels and vault maps discovered:
D:1:      dpeg_arrival_water_temple_mockup, layout_basic
D:2:      layout_rooms, basic_ecumenical_altar, solitary_fountain
D:3:      layout_loops_ring, kennysheep_vampire_church, serial_shops,
          nicolae_shop_stone, minmay_misc_feat_plants, uniq_sigmund,
          uniq_terence, uniq_natasha, uniq_grinder

Skill      XL: |  1  2  3 |
---------------+----------+-----
Fire Magic     | 4 5 |  5.1
Dodging        | |  2.4
Stealth        | |  2.4
Spellcasting   | |  3.0
Conjurations   | |  1.1

Action                   || total
-------------------------++-------
 Cast: Foxfire           ||    51
  Use: Potion            ||     2
Armor: Skin              ||     4
       Robe              ||     1
Dodge: Dodged            ||    11

Table legend: (Time is in decaauts)
 A = Elapsed time spent in this place.
 B = Non-inter-level travel time spent in this place.
 C = Inter-level travel time spent in this place.
 D = Time resting spent in this place.
 E = Time spent auto-exploring this place.
 F = Levels seen in this place.
 G = Mean time per level.
                   A        B        C        D        E       F      G
               +--------+--------+--------+--------+--------+-----+--------+
         Total |   1548 |   1499 |     49 |    319 |    873 |   3 |  516.0 |
       Dungeon |   1548 |   1499 |     49 |    319 |    873 |   3 |  516.0 |
               +--------+--------+--------+--------+--------+-----+--------+

Top non-repeatable levels by time:
     D:1: 928 daAuts
     D:2: 590 daAuts
     D:3: 29 daAuts
